 Dungeon Crawl Stone Soup version 0.18-a0-1060-g4fac74f (webtiles) character file.

157 namelastname112 the Sneak (level 5, -2/41 HPs)
             Began as a Draconian Wizard on Jan 12, 2016.
             Was an Initiate of Elyvilon.
             Slain by a river rat (3 damage)
             ... in a sewer.
             The game lasted 00:05:08 (2935 turns).

namelastname112 the Sneak (Draconian Wizard)        Turns: 2935, Time: 00:05:09

Health: -2/41      AC:  6    Str:  9    XL:     5   Next: 15%
Magic:  5/9        EV: 12    Int: 24    God:    Elyvilon [......]
Gold:   147        SH:  2    Dex: 10    Spells: 1 memorised, 9 levels left

rFire  . . .     SeeInvis .     d - +0 short sword
rCold  . . .     Gourm    .     (armour unavailable)
rNeg   . . .     Faith    .     (no shield)
rPois  .         Spirit   .     a - +0 hat
rElec  .         Dismiss  .     (no cloak)
rCorr  .         Reflect  +     l - +0 pair of gloves
SustAt .         Harm     .     (no boots)
MR     .....                    p - +2 amulet of reflection
Stlth  ++........               (no ring)
                                (no ring)

@: brilliant, very slightly contaminated, not resistant to hostile enchantments,
unstealthy
A: unfitting armour, cold-blooded, AC +5
a: Renounce Religion


You were in a sewer.
You worshipped Elyvilon.
Elyvilon was noncommittal.
You were not hungry.

You visited 1 branch of the dungeon, and saw 3 of its levels.
You also visited: Sewer.

You collected 147 gold pieces.

Inventory:

Hand Weapons
 d - a +0 short sword (weapon)
Armour
 a - a +0 hat (worn)
 l - a +0 pair of gloves (worn)
Jewellery
 p - a +2 amulet of reflection (around neck)
Scrolls
 j - a scroll of fear {unknown}
 k - a scroll of identify {unknown}
 n - a scroll of teleportation {unknown}
Potions
 e - a potion of magic
 g - 2 potions of curing {unknown}
 m - a potion of might {unknown}
 o - a potion of invisibility {unknown}
 q - a potion of brilliance
 r - a potion of resistance {unknown}
Books
 b - a book of Minor Magic

   Spells                             Type                      Level
   a - Magic Dart                     Conjuration                  1
   b - Blink                          Translocation                2
   c - Call Imp                       Summoning                    2
   d - Repel Missiles                 Charms/Air                   2
   e - Slow                           Hexes                        2
   f - Conjure Flame                  Conjuration/Fire             3
   g - Mephitic Cloud                 Conjuration/Poison/Air       3
Comestibles
 c - a bread ration
 f - 3 fruits
 h - a slice of pizza
 i - a meat ration
 s - 2 chunks of flesh


   Skills:
 + Level 2.1 Fighting
 * Level 2.4 Short Blades
 + Level 2.1 Dodging
 * Level 3.4 Stealth
 - Level 3.0 Spellcasting
 - Level 1.0 Conjurations
   Level 1.0 Summonings
   Level 1.0 Translocations
 + Level 1.2 Invocations


You had 9 spell levels left.
You knew the following spells:

 Your Spells              Type           Power        Failure   Level  Hunger
z - Magic Dart            Conj           ###.         1%          1    None


Dungeon Overview and Level Annotations

Branches:
Dungeon (3/15)

Altars:
Elyvilon
Gozag
Yredelemnul


Innate Abilities, Weirdness & Mutations

Your plain brown scales are hard (AC +5).
Your body does not fit into most forms of armour.
You are cold-blooded and may be slowed by cold attacks.


Message History

Press: ? - help, Shift-Dir - straight line, f/p - river rat
Aim: a river rat (moderately wounded)
The magic dart hits the river rat.
The river rat is heavily wounded.
The river rat barely misses you. The rat completely misses you.
Casting: Magic Dart
Confirm with . or Enter, or press ? or * to list all spells.
Aiming: Magic Dart
Press: ? - help, Shift-Dir - straight line, f/p - river rat
Aim: a river rat (heavily wounded)
The magic dart hits the river rat.
The river rat is heavily wounded.
The river rat bites you.
* * * LOW HITPOINT WARNING * * *
The rat bites you but does no damage.
Drink which item? (? for menu, Esc to quit)
It was a potion of brilliance.
You feel clever all of a sudden. The river rat bites you.
You die...

#####################.
###.≈≈≈≈≈≈≈≈≈≈≈≈≈≈≈≈≈≈..
##...≈≈≈≈≈≈≈≈≈..@r≈≈≈≈†..
#.....≈≈≈≈≈≈≈≈.(r≈≈≈≈≈≈..
......≈≈≈≈≈≈≈≈≈[†≈≈≈≈≈...
.....≈≈≈≈≈≈≈≈≈≈..≈≈≈≈≈...
.....≈≈≈≈≈≈≈≈≈≈.≈≈≈≈≈≈..#
....#####################
...#### ...'..# ..##..#


You could see a river rat and a rat.

Vanquished Creatures
  4 adders
  5 river rats (Sewer)
  An ooze (Sewer)
  7 giant geckos
  5 ball pythons
  4 bats
  3 giant cockroaches
  7 goblins
  7 hobgoblins
  4 giant newts
  5 kobolds
  20 rats
72 creatures vanquished.

Notes
Turn   | Place    | Note
--------------------------------------------------------------
     0 | D:1      | namelastname112 the Draconian Wizard began the quest for the Orb.
     0 | D:1      | Reached XP level 1. HP: 14/14 MP: 4/4
   108 | D:1      | Reached skill level 1 in Fighting
   306 | D:1      | Reached XP level 2. HP: 18/23 MP: 6/6
   335 | D:1      | You fall through a shaft!
   346 | D:2      | Found an opulent altar of Gozag.
   410 | D:2      | Found a basalt altar of Yredelemnul.
  1052 | D:1      | Reached skill level 1 in Short Blades
  1227 | D:2      | Reached XP level 3. HP: 14/28 MP: 1/7
  1667 | D:2      | Found a white marble altar of Elyvilon.
  1894 | D:2      | Became a worshipper of Elyvilon the Healer
  2124 | D:3      | Reached XP level 4. HP: 36/36 MP: 8/8
  2194 | D:3      | Found a glowing drain.
  2255 | Sewer    | Entered a sewer
  2649 | Sewer    | Reached skill level 1 in Invocations
  2811 | Sewer    | Reached XP level 5. HP: 41/41 MP: 9/9
  2931 | Sewer    | HP: 2/41 [river rat (2)]
  2935 | Sewer    | Slain by a river rat

Vault maps used:
D:1:      co_arrival_random_square_maze, roderic_roman_lattice
D:2:      kennysheep_ying_yang, lemuel_doored_altar, minivault_11
D:3:      corexii_shack_village, grunt_temple_overflow_magic_moments,
          xom_teletrap_fun, portal_sewer_entry_f, lightli_corner_chamber,
          uniq_iyjb
Sewer:    sewer_minmay_w

Action                   |  1- 3 |  4- 6 || total
-------------------------+-------+-------++-------
Melee: Short sword       |    83 |   153 ||   236
       Unarmed           |     1 |       ||     1
 Cast: Magic Dart        |    33 |    42 ||    75
  Use: Potion            |       |     3 ||     3
 Stab: Sleeping          |     1 |       ||     1
  Eat: Chunk             |     3 |     4 ||     7
